 Dungeon Crawl Stone Soup version 0.31-a0-231-g51bb95cda3 (webtiles) character file.

Game seed: 15697833592387014605

1341 qw the Skirmisher (level 8, -5/71 HPs)
             Began as a Minotaur Hexslinger on July 6, 2023.
             Killed by nerve-wracking pain
             ... invoked by Menkaure
              (10 damage)
             ... on level 7 of the Dungeon.
             The game lasted 00:01:53 (5117 turns).

qw the Skirmisher (Minotaur Hexslinger)             Turns: 5117, Time: 00:01:53

Health: -5/71      AC: 12    Str: 18    XL:     8   Next: 35%
Magic:  8/8        EV: 12    Int: 10    God:
Gold:   193        SH:  5    Dex: 16    Spells: 8/9 levels left

rFire   . . .        g - +4 orcbow (freeze)
rCold   . . .        (shield currently unavailable)
rNeg    . . .        j - +0 ring mail
rPois   .            (helmet restricted)
rElec   .            c - +2 cloak
rCorr   .            (no gloves)
SInv    .            (no boots)
Will    .....        d - amulet of reflection
Stlth   +            n - +4 ring of protection
HPRegen 0.31/turn    a - +6 ring of strength
MPRegen 0.11/turn

%: reflection
@: about to teleport
A: horns 2, retaliatory headbutt
a: no special abilities


You were on level 7 of the Dungeon.
You visited 2 branches of the dungeon, and saw 8 of its levels.

You collected 354 gold pieces.
You spent 161 gold pieces at shops.


Innate Abilities, Weirdness & Mutations

You have a pair of horns on your head.
You reflexively headbutt those who attack you in melee.


   Skills:
 - Level 6.3 Fighting
 + Level 9.0 Ranged Weapons
 - Level 2.2 Armour
 - Level 3.8 Dodging
 - Level 1.0 Spellcasting
 - Level 2.0 Hexes


You had 8 spell levels left.
You knew the following spells:

 Your Spells              Type           Power      Damage    Failure   Level
a - Slow                  Hex            16%        N/A       26%         1

Your spell library contained the following spells:

 Spells                   Type           Power      Damage    Failure   Level
 Inner Flame              Hex/Fire       2%         N/A       75%         3
 Portal Projectile        Hex/Tloc       4%         N/A       75%         3
 Cause Fear               Hex            2%         N/A       95%         4

Inventory:

Hand Weapons
 g - a +4 orcbow of freezing (weapon)
Armour
 c - a +2 cloak (worn)
 j - a +0 ring mail (worn)
Jewellery
 a - a +6 ring of strength (right hand)
 d - an amulet of reflection (around neck)
 n - a +4 ring of protection (left hand)
Scrolls
 e - a scroll of identify
Potions
 b - a potion of curing
 h - a potion of heal wounds {unknown}
 i - a potion of degeneration {unknown}
 k - a potion of resistance {unknown}
 l - a potion of invisibility {unknown}
 m - a potion of might {unknown}

Dungeon Overview and Level Annotations

Branches:
Dungeon (7/15)             Temple (1/1) D:6

Altars:
Ashenzari
Cheibriados
Dithmenos
Elyvilon
Fedhas
Gozag
Hepliaklqana
Makhleb
Nemelex Xobeh
Qazlal
Sif Muna
Trog
Uskayaw
Wu Jian
Xom
Yredelemnul
Zin
The Shining One

Shops:
D:6 [

Annotations:
D:3 1 runed translucent door, Crazy Yiuf
D:6 3 runed translucent doors, qw's ghost, novice MiHs
D:7 Menkaure


Message History

The arrow freezes the gnoll sergeant.
The gnoll sergeant is almost dead.
The gnoll sergeant hits you with a +0 spear!
The gnoll hits you from afar with a +0 halberd.
You shoot an arrow. The arrow hits the gnoll sergeant!
The arrow freezes the gnoll sergeant.
You kill the gnoll sergeant!
The gnoll hits you from afar with a +0 halberd!
Your Fighting skill increases to level 6!
5109 ||| Stepping ~*~*~tactically~*~*~ (outnumbered).
You shoot an arrow. The arrow closely misses the gnoll.
The gnoll hits you from afar with a +0 halberd!
5111 ||| READING 2 scrolls of teleportation.
As you read the scroll of teleportation, it crumbles to dust.
You feel strangely unstable. The gnoll closely misses you.
You shoot an arrow. The arrow hits the gnoll.
The arrow freezes the gnoll.
The gnoll is heavily wounded.
The gnoll hits you from afar with a +0 halberd.
You shoot an arrow. The arrow hits the gnoll.
The arrow freezes the gnoll.
You kill the gnoll!
Your surroundings suddenly seem different.
Menkaure, Prince of Dust comes into view.
Found 37 gold pieces.
Found an escape hatch in the floor.
Menkaure shouts!
Menkaure points at you and mumbles some strange words.
Pain shoots through your body!
5114 ||| READING scroll of teleportation.
As you read the scroll of teleportation, it crumbles to dust.
You feel strangely unstable.
You shoot an arrow. The arrow hits Menkaure!
The arrow freezes Menkaure.
Menkaure is severely damaged.
You shoot an arrow. The arrow hits Menkaure.
Menkaure is almost destroyed.
Menkaure mumbles some strange words.
Menkaure seems to speed up.
You shoot an arrow. The arrow barely misses Menkaure.
Menkaure gestures at you while chanting.
Pain shoots through your body!
You die...

##+######
#@.......
...............
...>.M.........
.............$.
...............
..$............
...............
...............


You could see Menkaure (fast).

Vanquished Creatures
  A water moccasin (D:6)
  2 sky beasts
  A centaur (D:5)
  A phantom (D:4)
  A kobold brigand (D:6)
  A bullfrog (D:6)
  2 gnoll sergeants
  4 scorpions
  A jelly (D:6)
  2 orc priests
  A sleepcap (D:6)
  2 iguanas
  An orc wizard (D:6)
  3 adders
  6 gnolls
  3 ufetubi
  5 worms
  A dart slug (D:4)
  14 orcs
  13 ball pythons
  3 bats
  8 endoplasms
  A giant cockroach (D:4)
  4 goblins
  5 hobgoblins
  5 quokkas
  2 frilled lizards
  10 kobolds
  8 rats
111 creatures vanquished.

Notes
Turn   | Place    | Note
-------+----------+-------------------------------------------
     0 | D:1      | qw the Minotaur Hexslinger began the quest for the Orb.
     0 | D:1      | Reached XP level 1. HP: 16/16 MP: 1/1
     0 | D:1      | 0 ||| qw: Version: 0.3-a-46-gb1f654a
     0 | D:1      | 0 ||| qw: Game counter: 1823
     0 | D:1      | 0 ||| qw: Melee chars always use a shield: true
     0 | D:1      | 0 ||| qw: God list: Okawaru
     0 | D:1      | 0 ||| qw: Allow faded altars: false
     0 | D:1      | 0 ||| qw: Do Orc after clearing Dungeon:15 true
     0 | D:1      | 0 ||| qw: Do second Lair branch before Depths: true
     0 | D:1      | 0 ||| qw: Lair rune preference: random
     0 | D:1      | 0 ||| qw: Goals: Normal
     0 | D:1      | 0 ||| PLANNING D:1-11
   213 | D:1      | Reached skill level 3 in Ranged Weapons
   232 | D:1      | Reached XP level 2. HP: 23/23 MP: 2/2
   770 | D:1      | 770 ||| UPGRADING to +0 ring mail.
   780 | D:1      | 780 ||| DROPPING +0 robe.
   781 | D:1      | 781 ||| UPGRADING to amulet of reflection.
   786 | D:1      | 786 ||| UPGRADING to ring of resist corrosion.
   787 | D:1      | 787 ||| READING scroll labelled QUAZ BYOLUTT.
   788 | D:1      | 788 ||| READING scroll labelled DUTEMM UQEICYNN.
   789 | D:1      | 789 ||| READING scroll labelled KAARASCHOQOR.
   790 | D:1      | 790 ||| DROPPING scroll of poison.
   984 | D:2      | Reached XP level 3. HP: 29/29 MP: 3/3
  1497 | D:2      | 1497 ||| DROPPING ring of wizardry.
  1498 | D:2      | 1498 ||| READING 3 scrolls labelled ASIACY XOAJU.
  1499 | D:2      | 1499 ||| READING scroll labelled CUCUOT TUIZAQUPHUD.
  1500 | D:2      | 1500 ||| READING scroll labelled DUAQUD SESSU.
  1501 | D:2      | 1501 ||| DROPPING 2 scrolls of immolation.
  1587 | D:3      | Reached skill level 4 in Ranged Weapons
  1739 | D:3      | 1739 ||| SWAPPING to +2 orcbow of freezing.
  1740 | D:3      | 1740 ||| DROPPING +2 sling of chaos.
  1747 | D:3      | Reached skill level 1 in Armour
  1920 | D:3      | Found a runed translucent door.
  1921 | D:3      | Noticed Crazy Yiuf
  2219 | D:3      | Reached XP level 4. HP: 36/36 MP: 4/4
  2356 | D:3      | 2356 ||| READING scroll labelled UCLEYK WAPUPANKY.
  2457 | D:3      | 2457 ||| READING 2 scrolls labelled ERHOISALAIDGHO.
  2458 | D:3      | 2458 ||| READING 2 scrolls labelled PUULAF DISIERROUWI.
  2459 | D:3      | 2459 ||| DRINKING 2 fuming silvery potions.
  2496 | D:3      | 2496 ||| DROPPING potion of lignification.
  2583 | D:4      | Noticed a phantom
  2593 | D:4      | Killed a phantom
  2594 | D:4      | Reached skill level 5 in Ranged Weapons
  2594 | D:4      | Reached XP level 5. HP: 25/41 MP: 5/5
  3065 | D:4      | 3065 ||| FLEEEEING.
  3067 | D:4      | 3067 ||| FLEEEEING.
  3068 | D:4      | 3068 ||| FLEEEEING.
  3069 | D:4      | 3069 ||| FLEEEEING.
  3070 | D:4      | 3070 ||| FLEEEEING.
  3071 | D:4      | 3071 ||| FLEEEEING.
  3072 | D:4      | 3072 ||| FLEEEEING.
  3073 | D:4      | 3073 ||| FLEEEEING.
  3074 | D:4      | 3074 ||| FLEEEEING.
  3075 | D:4      | 3075 ||| FLEEEEING.
  3076 | D:4      | 3076 ||| FLEEEEING.
  3077 | D:4      | 3077 ||| FLEEEEING.
  3078 | D:4      | 3078 ||| FLEEEEING.
  3079 | D:4      | 3079 ||| FLEEEEING.
  3080 | D:4      | 3080 ||| FLEEEEING.
  3081 | D:4      | 3081 ||| FLEEEEING.
  3082 | D:4      | 3082 ||| FLEEEEING.
  3083 | D:4      | 3083 ||| FLEEEEING.
  3084 | D:4      | 3084 ||| FLEEEEING.
  3085 | D:4      | 3085 ||| FLEEEEING.
  3086 | D:4      | 3086 ||| FLEEEEING.
  3087 | D:4      | 3087 ||| FLEEEEING.
  3088 | D:4      | 3088 ||| FLEEEEING.
  3089 | D:4      | 3089 ||| FLEEEEING.
  3090 | D:4      | 3090 ||| FLEEEEING.
  3091 | D:4      | 3091 ||| FLEEEEING.
  3092 | D:4      | 3092 ||| STAIRDANCE
  3171 | D:3      | 3171 ||| UPGRADING to +6 ring of strength.
  3172 | D:3      | 3172 ||| READING 3 scrolls labelled UXAFFU MOATH.
  3222 | D:3      | 3222 ||| READING scroll labelled KAFIUKLIORR.
  3335 | D:4      | Reached skill level 3 in Fighting
  3392 | D:5      | Entered Level 5 of the Dungeon
  3669 | D:5      | Reached skill level 6 in Ranged Weapons
  3723 | D:5      | Noticed a centaur
  3725 | D:5      | Killed a centaur
  3726 | D:5      | Reached XP level 6. HP: 52/52 MP: 6/6
  4127 | D:5      | 4127 ||| READING scroll of enchant weapon.
  4127 | D:5      | 4127 ||| ENCHANTING +2 orcbow of freezing.
  4196 | D:5      | Noticed a sky beast
  4200 | D:5      | Killed a sky beast
  4205 | D:5      | 4205 ||| UPGRADING to +4 ring of protection.
  4207 | D:5      | 4207 ||| DROPPING ring of resist corrosion.
  4208 | D:5      | 4208 ||| DRINKING 2 fuming yellow potions.
  4209 | D:5      | 4209 ||| READING 2 scrolls of identify.
  4209 | D:5      | 4209 ||| IDENTIFYING purple potion
  4210 | D:5      | 4210 ||| DROPPING potion of magic.
  4229 | D:6      | 4229 ||| READING scroll of enchant weapon.
  4229 | D:6      | 4229 ||| ENCHANTING +3 orcbow of freezing.
  4239 | D:6      | Reached skill level 7 in Ranged Weapons
  4240 | D:6      | Noticed a water moccasin
  4250 | D:6      | Killed a water moccasin
  4251 | D:6      | Reached XP level 7. HP: 59/59 MP: 7/7
  4292 | D:6      | Reached skill level 8 in Ranged Weapons
  4299 | D:6      | 4299 ||| FLEEEEING.
  4300 | D:6      | 4300 ||| FLEEEEING.
  4301 | D:6      | 4301 ||| FLEEEEING.
  4302 | D:6      | 4302 ||| FLEEEEING.
  4303 | D:6      | 4303 ||| FLEEEEING.
  4380 | D:6      | Found Ukkati's Armour Shop.
  4393 | D:6      | 4393 ||| BUYING +1 cloak (161 gold).
  4393 | D:6      | Bought a +1 cloak for 161 gold pieces
  4393 | D:6      | 4393 ||| SHOPLISTING +2 ring mail of fire resistance (294
                  | gold, have 155).
  4393 | D:6      | 4393 ||| SHOPLISTING +3 leather armour of poison resistance
                  | (294 gold, have 155).
  4442 | D:6      | Found a staircase to the Ecumenical Temple.
  4443 | D:6      | 4443 ||| PLANNING TEMPLE
  4572 | D:6      | 4572 ||| UPGRADING to +1 cloak.
  4577 | D:6      | 4577 ||| READING scroll of enchant armour.
  4577 | D:6      | 4577 ||| ENCHANTING +1 cloak.
  4583 | Temple   | Entered the Ecumenical Temple
  4678 | Temple   | 4678 ||| PLANNING D:1-11
  4708 | D:6      | Found a runed translucent gate.
  4708 | D:6      | Found a runed translucent gate.
  4708 | D:6      | Found a runed translucent gate.
  4711 | D:6      | Noticed qw's ghost (novice MiHs)
  4711 | D:6      | Noticed qw's ghost (novice MiHs)
  4853 | D:6      | Reached skill level 9 in Ranged Weapons
  4857 | D:6      | Reached XP level 8. HP: 68/68 MP: 8/8
  4970 | D:7      | Reached skill level 3 in Dodging
  4970 | D:7      | 4970 ||| STAIRDANCE
  5088 | D:7      | 5088 ||| Stepping ~*~*~tactically~*~*~ (outnumbered).
  5100 | D:7      | 5100 ||| Stepping ~*~*~tactically~*~*~ (outnumbered).
  5109 | D:7      | Reached skill level 6 in Fighting
  5109 | D:7      | 5109 ||| Stepping ~*~*~tactically~*~*~ (outnumbered).
  5110 | D:7      | HP: 8/71 [gnoll/+0 halberd[a gnoll sergeant] (13)]
  5111 | D:7      | 5111 ||| READING 2 scrolls of teleportation.
  5113 | D:7      | Noticed Menkaure
  5114 | D:7      | 5114 ||| READING scroll of teleportation.
  5117 | D:7      | Killed from afar by Menkaure

Levels and vault maps discovered:
D:1:      psy_arrival_fountain, layout_loops_ring, minmay_misc_feat_alley
D:2:      layout_basic
D:3:      layout_basic, kennysheep_minor_cross, kennysheep_decorative_pillar,
          uniq_crazy_yiuf_cottage
D:4:      minmay_diamond_boxcup, layout_basic
D:5:      layout_basic
D:6:      layout_rooms, minmay_temple_entry_hall, serial_shops, shop,
          gammafunk_ghost_cemetery, kennysheep_generic_room_13
D:7:      cheibrodos_wizards_tower, layout_basic, serial_shops, shop,
          uniq_joseph, uniq_pikel, uniq_menkaure
Temple:   hc_temple_tempest_star

Skill      XL: |  1  2  3  4  5  6  7  8 |
---------------+-------------------------+-----
Ranged Weapons | 3 4 5 6 7 9 |  9.0
Fighting       | 2 4 5 6 |  6.3
Armour         | 1 2 |  2.2
Dodging        | 3 |  3.8
Spellcasting   | |  1.0
Hexes          | |  2.0

Action                     |  1- 3 |  4- 6 |  7- 9 || total
---------------------------+-------+-------+-------++-------
   Fire: Sling             |   124 |       |       ||   124
         Orcbow            |    16 |    85 |   109 ||   210
    Use: Scroll            |     6 |     8 |     3 ||    17
         Potion            |       |     2 |       ||     2
 Armour: Robe              |     8 |       |       ||     8
         Ring mail         |    13 |     9 |    18 ||    40
  Dodge: Dodged            |    30 |    22 |    42 ||    94
  Block: Other             |     9 |    17 |    17 ||    43

Table legend:
 A = Non-vault XP
 B = Vault XP
 C = Vault XP percentage of total XP
 D = Non-vault monster count
 E = Vault monster count
 F = Vault count percentage of total count
                 A         B        C        D         E       F
            +---------+---------+-------+---------+---------+-------
      Total |    1893 |      24 |   1.3 |     105 |       6 |   5.4
            +---------+---------+-------+---------+---------+-------
        D:1 |      34 |       0 |   0.0 |      21 |       0 |   0.0
        D:2 |      26 |       0 |   0.0 |      14 |       0 |   0.0
        D:3 |      38 |       0 |   0.0 |      11 |       0 |   0.0
        D:4 |     143 |      24 |  14.4 |      12 |       6 |  33.3
        D:5 |     353 |       0 |   0.0 |       7 |       0 |   0.0
        D:6 |     968 |       0 |   0.0 |      32 |       0 |   0.0
        D:7 |     331 |       0 |   0.0 |       8 |       0 |   0.0
            +---------+---------+-------+---------+---------+-------
